 Dungeon Crawl Stone Soup version 0.21-a0-450-gd87a9b2 (webtiles) character file.

17 mortelune the Covered (level 2, -1/19 HPs)
             Began as a Gargoyle Fighter on Nov 20, 2017.
             Slain by a worm (8 damage)
             ... on level 2 of the Dungeon.
             The game lasted 00:02:10 (515 turns).

mortelune the Covered (Gargoyle Fighter)             Turns: 515, Time: 00:02:11

Health: -1/19      AC:  9    Str: 19    XL:     2   Next: 62%
Magic:  2/2        EV:  7    Int:  8    God:
Gold:   85         SH:  9    Dex:  9    Spells: 1/1 levels left

rFire    . . .     SeeInvis .   a - +0 flail
rCold    . . .     Gourm    .   c - +0 shield
rNeg     + . .     Faith    .   b - +0 scale mail
rPois    ∞         Spirit   .   (no helmet)
rElec    +         Reflect  .   (no cloak)
rCorr    .         Harm     .   (no gloves)
MR       .....                  (no boots)
Stlth    ..........             (no amulet)
HPRegen  0.06/turn              (no ring)
MPRegen  0.08/turn              (no ring)

@: no status effects
A: negative energy resistance 1, electricity resistance, unbreathing,
petrification resistance, rot immunity, AC +2
a: no special abilities


You were on level 2 of the Dungeon.
You were not hungry.

You visited 1 branch of the dungeon, and saw 2 of its levels.

You collected 85 gold pieces.

Inventory:

Hand Weapons
 a - a +0 flail (weapon)
Armour
 b - a +0 scale mail (worn)
 c - a +0 shield (worn)
Jewellery
 g - a +3 amulet of reflection {unknown}
Scrolls
 e - a scroll of teleportation {unknown}
 h - 2 scrolls of remove curse
 n - a scroll of enchant weapon {unknown}
Potions
 d - a potion of might
 i - 2 potions of curing
 j - a potion of agility {unknown}
 l - a potion of degeneration
 m - a potion of lignification
Comestibles
 f - 2 bread rations
 k - a royal jelly
 p - a meat ration


   Skills:
 + Level 3.6 Fighting
 + Level 2.4 Maces & Flails
 + Level 3.6 Armour
 - Level 3.2 Shields


You had one spell level left.
You didn't know any spells.

Dungeon Overview and Level Annotations

Branches:
Dungeon (2/15)

Altars:


Innate Abilities, Weirdness & Mutations

You are resistant to torment.
Your stone body is resilient. (AC +2)
You are immune to poison.
You resist negative energy. (rN+)
You are resistant to electric shocks. (rElec)
You can survive without breathing.
You are immune to petrification.
You are immune to rotting.


Message History

A bat comes into view.
The worm bites you.
You hit the worm.
The worm is lightly wounded.
The bat closely misses you. The bat hits you but does no damage.
You hit the worm.
The worm is lightly wounded.
The bat barely misses you. You block the worm's attack.
You thump the worm!
The worm is heavily wounded.
The bat hits you but does no damage. You block the worm's attack.
Your shield and scale mail prevent you from hitting the worm.
The worm is moderately wounded.
The bat closely misses you. The bat hits you but does no damage.
The worm bites you.
You hit the worm but do no damage.
The worm is moderately wounded.
The bat hits you but does no damage. The bat barely misses you.
You block the bat's attack. The worm bites you!
You die...

#### #...# #...
....# #...#....#
#..#.#...#
##.#._.#..##
#...#.#....#
#....#.....### #
#....b@w...... ##
####.....####.###
.## #.....####
..######.#####
..#......#
....###### ...##
..## ..#


You could see a worm and a bat.

Vanquished Creatures
  2 giant cockroaches (D:1)
  4 goblins (D:1)
  2 hobgoblins
  A ball python (D:1)
  3 bats
  A frilled lizard (D:1)
  3 kobolds
  2 rats (D:1)
18 creatures vanquished.

Notes
Turn   | Place    | Note
-------+----------+-------------------------------------------
     0 | D:1      | mortelune the Gargoyle Fighter began the quest for the Orb.
     0 | D:1      | Reached XP level 1. HP: 14/14 MP: 1/1
     0 | D:1      | Noticed a ghoul
     0 | D:1      | Noticed a troll
     2 | D:1      | Noticed a vine stalker
     2 | D:1      | Noticed an ogre
     4 | D:1      | Noticed a centaur
     6 | D:1      | Noticed a ghoul
     7 | D:1      | Noticed a formicid
     9 | D:1      | Noticed a formicid
    11 | D:1      | Noticed a felid
    11 | D:1      | Noticed a minotaur
    13 | D:1      | Noticed a draconian
    13 | D:1      | Noticed an elf
    15 | D:1      | Noticed a minotaur
    17 | D:1      | Noticed a vampire
    17 | D:1      | Noticed a minotaur
   167 | D:1      | Reached XP level 2. HP: 19/19 MP: 2/2
   507 | D:2      | Found a faded altar of an unknown god.
   515 | D:2      | Slain by a worm

Vault maps used:
D:1:      shiori_arrival_whats_in_store_for_you
D:2:      nicolae_overflow_hidden_temple, chequers_ecumenical_altar_simple_redux

Action                   || total
-------------------------++-------
Melee: Flail             ||    48
  Use: Scroll            ||     4
Armor: Scale mail        ||    33
Dodge: Dodged            ||    26
Block: Shield            ||    23

Table legend:
 A = Spawn XP
 B = Non-spawn XP
 C = Spawn XP percentage of total XP
 D = Spawn monster count
 E = Non-spawn monster count
 F = Spawn count percentage of total count
 G = Total turns spent on level
                    A         B        C        D         E        F      G
               +---------+---------+-------+---------+---------+-------+---------
         Total |       0 |      25 |   0.0 |       0 |      18 |   0.0 |   515
               +---------+---------+-------+---------+---------+-------+---------
           D:1 |       0 |      21 |   0.0 |       0 |      15 |   0.0 |   457
           D:2 |       0 |       4 |   0.0 |       0 |       3 |   0.0 |    58
               +---------+---------+-------+---------+---------+-------+---------
